AoeStats
← WoTown

Arabia

507583561Analyzed
1v1 RM · 14d ago on Sep 18, 2026· 37m 34s· 2 players
Game mode
Random Map
Map size
Tiny (2 player)
Population
200
Speed
Normal
Resources
Standard
Victory
Conquest
Starting age
Dark Age
Ending age
Imperial Age
RankedLock teamsTeams togetherTeam positionsShared explorationLock speedFull tech treeHidden civsTurbo modeCheats
Victory
Defeat
🇺🇸 Mongols · United States
713
+17
🇲🇽 Teutons · Mexico
737
-17
WoTown
7:29 Loom
10:30 Feudal Age
11:09 Double-Bit Axe
11:34 Horse Collar
22:10 Castle Age
22:33 Fletching
26:04 Bow Saw
29:23 Bodkin Arrow
31:04 Thumb Ring
36:01 Husbandry
36:15 Bloodlines
38:38 Imperial Age
torreshdc
0:28 Loom
14:18 Feudal Age
19:11 Gold Mining
20:55 Man-at-Arms
24:22 Castle Age
25:01 Scale Mail Armor
25:11 Forging
25:01 Padded Archer Armor
24:51 Fletching
25:07 Horse Collar
27:22 Squires
29:13 Double-Bit Axe
29:30 Heavy Plow
29:48 Stone Mining
32:00 Stone Shaft Mining
36:12 Crossbowman
Connection lost

Rejoining the realm…

Still unreachable

The connection could not be restored.

Session expired

The server has moved on; the page needs a fresh start.